 Dungeon Crawl Stone Soup version 0.26-a0-661-g406de6ba63 (webtiles) character file.

Game seed: 14333299461639446489

69 tom967 the Conjurer (level 4, -3/34 HPs)
             Began as a Draconian Conjurer on Oct 8, 2020.
             Slain by an ogre
             ... wielding a cursed +0 giant club
              (5 damage)
             ... on level 2 of the Dungeon.
             The game lasted 00:09:54 (1830 turns).

tom967 the Conjurer (Draconian Conjurer)            Turns: 1830, Time: 00:09:55

Health: -3/34      AC:  5    Str:  9    XL:     4   Next: 2%
Magic:  2/7        EV: 12    Int: 19    God:
Gold:   67         SH:  0    Dex: 10    Spells: 5/8 levels left

rFire    . . .     SeeInvis .   l - +4 dagger
rCold    . . .     Faith    .   (no shield)
rNeg     . . .     Spirit   .   (armour unavailable)
rPois    .         Reflect  .   (helmet restricted)
rElec    .         Harm     .   (no cloak)
rCorr    .         Rampage  .   (no gloves)
MR       .....                  (no boots)
Stlth    ++........             (no amulet)
HPRegen  0.11/turn              (no ring)
MPRegen  0.10/turn              (no ring)

@: very slightly contaminated
A: unfitting armour, cold-blooded, AC +5
a: no special abilities


You were on level 2 of the Dungeon.
You visited 1 branch of the dungeon, and saw 2 of its levels.

You collected 67 gold pieces.

Inventory:

Hand Weapons
 k - a +0 hunting sling
 l - a +4 dagger (weapon)
Missiles
 a - 3 stones (quivered)
 f - 12 bolts
Armour
 h - a cursed +0 leather armour
Scrolls
 b - a scroll of immolation {unknown}
 d - a scroll of remove curse {unknown}
 e - a scroll of blinking {unknown}
 i - a scroll of teleportation {unknown}
 m - a scroll of identify
Potions
 c - a potion of lignification
 j - a potion of flight {unknown}


   Skills:
 * Level 0.7 Fighting
 - Level 2.0 Dodging
 - Level 1.8 Stealth
 * Level 2.5 Spellcasting
 * Level 5.1 Conjurations


You had 5 spell levels left.
You knew the following spells:

 Your Spells              Type           Power        Failure   Level
a - Magic Dart            Conj           ###.         1%          1
b - Searing Ray           Conj           ###...       3%          2

Your spell library contained the following spells:

 Spells                   Type           Power        Failure   Level
 Dazzling Flash           Conj/Hex       ##....       17%         3
 Fulminant Prism          Conj/Hex       ##........   50%         4
 Iskenderun's Mystic Bla  Conj/Tloc      ##......     50%         4


Dungeon Overview and Level Annotations

Branches:
Dungeon (2/15)

Altars:


Innate Abilities, Weirdness & Mutations

Your plain brown scales are hard. (AC +5)
You cannot fit into any form of body armour.
You are cold-blooded and may be slowed by cold attacks.


Message History

The ogre closely misses you. The ogre completely misses you.
The ogre barely misses you.
You see here a stone.
The ogre barely misses you. The ogre misses you.
Casting: Searing Ray (safe; 3% risk of failure)
Confirm with . or Enter, or press ? or * to list all spells.
Aiming: Searing Ray (safe; 3% risk of failure)
Press: ? - help, Shift-Dir - straight line, f/p - ogre
Aim: an ogre, wielding a +0 giant club (almost dead)
You miscast Searing Ray.
You are very lightly contaminated with residual magic.
Nothing appears to happen.
The ogre misses you.
The ogre hits you with a cursed +0 giant club!!
Ouch! That really hurt!
* * * LOW HITPOINT WARNING * * *
The ogre hits you with a cursed +0 giant club.
You die...

#.....÷.###...####.......# #
#........#...............# #
#........................#
##........#...............#
##........###..............#
+##.†...#####
##.#####.......# ........#
#.# ######### ........# #O#
........# #@#######
+###....# #.......#### #####
###..# ####.......# #....
...# #.#####.# #.### ....#
#.# #.###.# .....# #.#
#K.>..# .#..# #.# #O#####
..# #.#####.# #..O.†..#


You could see an ogre.

Vanquished Creatures
  A hound (D:2)
  An ooze (D:1)
  A leopard gecko (D:1)
  5 bats
  4 giant cockroaches
  6 goblins
  5 hobgoblins
  2 frilled lizards
  3 kobolds
  3 rats (D:1)
31 creatures vanquished.

Notes
Turn   | Place    | Note
-------+----------+-------------------------------------------
     0 | D:1      | tom967 the Draconian Conjurer began the quest for the Orb.
     0 | D:1      | Reached XP level 1. HP: 14/14 MP: 3/3
   402 | D:1      | Reached XP level 2. HP: 20/20 MP: 3/5
  1233 | D:2      | Reached XP level 3. HP: 15/26 MP: 0/6
  1491 | D:2      | Learned a level 2 spell: Searing Ray
  1670 | D:2      | Noticed an ogre
  1737 | D:2      | Reached skill level 5 in Conjurations
  1797 | D:2      | Reached XP level 4. HP: 16/34 MP: 4/7
  1830 | D:2      | Slain by an ogre

Illustrated notes

Levels and vault maps discovered:
D:1:      psy_arrival_radial02, layout_basic
D:2:      kennysheep_six_static_rooms, layout_loops_cross

Skill      XL: |  1  2  3 |
---------------+----------+-----
Dodging        | 2 |  2.0
Conjurations   | 5 |  5.1
Fighting       | |  0.7
Stealth        | |  1.8
Spellcasting   | |  2.5

Action                   |  1- 3 |  4- 6 || total
-------------------------+-------+-------++-------
Melee: Unarmed           |    30 |       ||    30
       Tailslap          |     4 |       ||     4
       Dagger            |     5 |       ||     5
 Cast: Magic Dart        |    48 |       ||    48
       Searing Ray       |     1 |     1 ||     2
  Use: Scroll            |     2 |       ||     2
       Potion            |     1 |       ||     1
Armor: Skin              |    25 |       ||    25
Dodge: Dodged            |    61 |     7 ||    68

Table legend: (Time is in decaauts)
 A = Elapsed time spent in this place.
 B = Non-inter-level travel time spent in this place.
 C = Inter-level travel time spent in this place.
 D = Time resting spent in this place.
 E = Time spent auto-exploring this place.
 F = Levels seen in this place.
 G = Mean time per level.
                   A        B        C        D        E       F      G
               +--------+--------+--------+--------+--------+-----+--------+
         Total |   1811 |   1700 |    111 |    300 |   1116 |   2 |  905.5 |
       Dungeon |   1811 |   1700 |    111 |    300 |   1116 |   2 |  905.5 |
               +--------+--------+--------+--------+--------+-----+--------+

Top non-repeatable levels by time:
     D:1: 1171 daAuts
     D:2: 640 daAuts
